Saguenéens vs Harfangs
(R1)
Created - February 23, 2018 at 21:36
Goals
|
| Saguenéens |
0 |
1 |
1 |
2 |
| Harfangs |
0 |
3 |
3 |
6 |
|
Shots
|
| Saguenéens |
9 |
11 |
5 |
25 |
| Harfangs |
13 |
12 |
13 |
38 |
|
1st period
No Goal
Penalties :
Brandon Pirri (BEA) for Tripping (Minor) at 9:34
2nd period
1. Harfangs , Vojtech Polak 15 (Tomas Kubalik 26) at 0:14
2. Harfangs , Michal Repik 13 (Victor Bartley 18) at 1:46
3. Saguenéens , Spencer Machacek 25 (Carl Hagelin 30, Zac Rinaldo 50) at 11:59 (PP)
4. Harfangs , Tomas Kubalik 13 (Cody Eakin 28, Vojtech Polak 22) at 18:01
Penalties :
Dylan Olsen (BEA) for Hooking (Minor) at 3:41, Mikhail Grigorenko (Chi) for Goalie Interference (Minor) at 6:30, Cody Eakin (BEA) for Slashing (Minor) at 11:45, Victor Bartley (BEA) for Hooking (Minor) at 12:15
3rd period
5. Harfangs , Calle Jarnkrok 10 (Dylan Olsen 15, Brandon Pirri 13) at 3:16
6. Harfangs , Calle Jarnkrok 11 (Dustin Jeffrey 15, Victor Bartley 19) at 9:49
7. Saguenéens , Carl Hagelin 22 (Spencer Machacek 27, Zac Rinaldo 51) at 15:43 (PP)
8. Harfangs , Vojtech Polak 16 (Cody Eakin 29) at 16:11 (PP)
Penalties :
Andreas Martinsen (BEA) for Interference (Minor) at 0:49, Nathan Beaulieu (BEA) for Fighting (Major) at 10:03, Carl Hagelin (Chi) for Fighting (Major) at 10:03, Brian Lashoff (BEA) for Holding (Minor) at 10:28, Joel Armia (BEA) for Roughing (Minor) at 12:53, Brandon Pirri (BEA) for Interference (Minor) at 15:29, Spencer Machacek (Chi) for Interference (Minor) at 16:05, Joel Armia (BEA) for Slashing (Minor) at 19:37
Goalie Stats
Martin Jones (Chi), 32 saves from 38 shots - (0.842), L, 5-7-0, 60:00 minutes
Anton Forsberg (BEA), 23 saves from 25 shots - (0.920), W, 4-4-1, 60:00 minutes
Players Stats for Saguenéens
Player Name G A P +/- PIM S H SB GA TA FO MP PP MP PK MP
------------------------------------------------------------------------------------
Artur Gavrus 0 0 0 0 0 0 0 0 0 0 0/0 1:43 0:00 0:42
Brett Lebda 0 0 0 -3 0 1 3 3 0 2 0/0 31:11 7:27 1:07
Brody Sutter 0 0 0 0 0 0 0 0 0 0 0/1 3:39 1:18 0:00
Carl Hagelin 1 1 2 -2 5 6 1 1 2 0 2/2 17:59 4:47 0:00
Craig Cunningham 0 0 0 -1 0 1 0 0 0 0 1/1 19:13 5:33 0:26
Henrik Samuelsson 0 0 0 0 0 1 0 0 0 0 3/3 4:21 0:00 0:07
Jake McCabe 0 0 0 -2 0 0 0 1 0 1 0/0 23:07 5:17 0:58
Jerry D'Amigo 0 0 0 -2 0 1 2 1 0 0 0/0 14:29 0:21 0:00
Juraj Mikus 0 0 0 -1 0 3 2 1 0 0 4/9 19:05 5:25 0:29
Luke Witkowski 0 0 0 -2 0 2 2 3 0 2 0/0 29:44 7:27 1:07
Mikhail Grigorenko 0 0 0 -1 2 0 1 0 0 0 0/0 7:17 1:53 0:00
Nicholas Walters 0 0 0 -1 0 0 1 0 0 0 0/0 10:49 0:00 0:00
Nick Mattson 0 0 0 -2 0 0 1 1 0 1 0/0 22:15 5:17 0:58
Rhett Rakhshani 0 0 0 -1 0 1 9 0 0 0 0/0 19:05 5:25 0:29
Spencer Machacek 1 1 2 -1 2 4 3 1 0 1 1/1 23:31 6:45 0:53
Tanner Richard 0 0 0 -2 0 0 0 1 0 1 4/8 13:32 0:00 0:00
Teemu Pulkkinen 0 0 0 -2 0 2 1 0 0 0 0/0 13:37 0:05 0:00
Zac Rinaldo 0 2 2 -2 0 3 2 1 1 0 14/29 23:15 6:40 1:04
Players Stats for Harfangs
Player Name G A P +/- PIM S H SB GA TA FO MP PP MP PK MP
------------------------------------------------------------------------------------
Alex Plante 0 0 0 0 0 0 1 0 0 0 0/0 6:39 0:00 0:00
Andreas Martinsen 0 0 0 1 2 4 2 0 1 0 0/0 11:45 0:00 1:43
Angelo Esposito 0 0 0 0 0 1 1 0 0 0 0/0 7:42 0:00 0:00
Boone Jenner 0 0 0 1 0 0 3 0 0 0 1/5 9:41 0:00 0:09
Brandon Pirri 0 1 1 2 4 3 0 1 1 0 1/1 13:30 0:51 0:00
Brendan Leipsic 0 0 0 0 0 0 0 0 0 0 0/0 0:00 0:00 0:00
Brenden Kichton 0 0 0 0 0 0 0 0 0 0 0/0 0:13 0:00 0:00
Brian Lashoff 0 0 0 4 2 0 0 1 1 0 0/0 25:14 1:09 5:47
Calle Jarnkrok 2 0 2 2 0 4 0 0 0 0 6/11 12:55 0:51 0:00
Cody Eakin 0 2 2 2 2 1 1 0 2 0 13/31 22:31 1:14 6:33
Cristoval Nieves 0 0 0 0 0 0 1 0 0 0 0/1 3:34 0:00 2:42
Dustin Jeffrey 0 1 1 2 0 2 1 0 2 1 2/2 17:03 0:51 3:31
Dylan Olsen 0 1 1 1 2 3 1 0 0 0 0/0 17:23 0:56 4:17
Jake Dotchin 0 0 0 0 0 0 0 0 0 0 0/0 3:27 0:00 3:27
Joel Armia 0 0 0 0 4 1 1 0 0 0 0/0 7:58 0:00 0:00
Jujhar Khaira 0 0 0 0 0 1 0 0 0 0 0/0 8:26 0:00 0:31
Mark Alt 0 0 0 0 0 1 0 0 0 0 0/0 8:05 0:00 0:00
Michal Repik 1 0 1 1 0 3 0 0 0 0 0/0 9:29 0:00 0:00
Nathan Beaulieu 0 0 0 1 5 1 1 1 0 0 0/0 16:44 0:56 3:54
Nick Holden 0 0 0 0 0 0 0 0 0 0 0/0 10:25 0:00 2:13
Reid McNeill 0 0 0 0 0 0 1 0 0 0 0/0 6:39 0:00 0:00
Sebastian Wannstrom 0 0 0 0 0 0 0 0 0 0 0/0 0:00 0:00 0:00
Tomas Kubalik 1 1 2 2 0 5 0 1 1 1 1/2 19:46 1:14 3:31
Victor Bartley 0 2 2 4 2 3 1 4 0 1 0/0 25:31 1:09 5:50
Vojtech Polak 2 1 3 2 0 5 2 0 0 0 1/1 22:26 1:14 6:48
3 Stars
1 - Vojtech Polak (BEA)
2 - Calle Jarnkrok (BEA)
3 - Tomas Kubalik (BEA)
Power Play
Saguenéens - 2 on 9 Attempt(s) - 22.22%
Harfangs - 1 on 2 Attempt(s) - 50.00%
Penalty Kill
Saguenéens - 1 on 2 Attempt(s) - 50.00%
- Score 0 goal in Penalty Kill
Harfangs - 7 on 9 Attempt(s) - 77.78%
- Score 0 goal in Penalty Kill
Team Stat
Saguenéens - Hits : 28 - Faceoff Wins : 29 - Blocked Shots : 14 - Penalty Minutes : 9
Harfangs - Hits : 17 - Faceoff Wins : 25 - Blocked Shots : 8 - Penalty Minutes : 23
Official
Referees : Leggo Mike and O'Rourke Dan
Linesman : Don Henderson and Vaughan Rody
Game Notes
Nathan Beaulieu beats up Carl Hagelin at 10:03 of 3rd period
Finance
Level 1 -- Attendance: 1578 (78.90%) -- Ticket Income $53,652
Level 2 -- Attendance: 687 (68.70%) -- Ticket Income $13,053
Total Attendance: 2265 (75.50%)
Total Ticket Income: $66,705
Other Income: $3,335
Total Income: $70,040
Saguenéens
5 vs 5 Forward
Center Left Wing Right Wing Time % Phy DF OF
1 Zac Rinaldo Carl Hagelin Spencer Machacek 40 1 2 2
2 Juraj Mikus Craig Cunningham Rhett Rakhshani 30 1 2 2
3 Tanner Richard Teemu Pulkkinen Jerry D'Amigo 20 1 2 2
4 Henrik Samuelsson Zac Rinaldo Spencer Machacek 10 1 2 2
5 vs 5 Defense
Defense Defense Time % Phy DF OF
1 Brett Lebda Luke Witkowski 40 1 2 2
2 Jake McCabe Nick Mattson 30 1 2 2
3 Nicholas Walters Brett Lebda 20 1 2 2
4 Luke Witkowski Jake McCabe 10 1 2 2
PowerPlay Forward
Center Left Wing Right Wing Time % Phy DF OF
1 Zac Rinaldo Carl Hagelin Spencer Machacek 60 1 2 2
2 Juraj Mikus Craig Cunningham Rhett Rakhshani 40 1 2 2
PowerPlay Defense
Defense Defense Time % Phy DF OF
1 Brett Lebda Luke Witkowski 60 1 2 2
2 Jake McCabe Nick Mattson 40 1 2 2
Penalty Kill 4 Players Forward
Center Wing Time % Phy DF OF
1 Zac Rinaldo Spencer Machacek 60 1 2 2
2 Juraj Mikus Rhett Rakhshani 40 1 2 2
Penalty Kill 4 Players Defense
Defense Defense Time % Phy DF OF
1 Brett Lebda Luke Witkowski 60 1 2 2
2 Jake McCabe Nick Mattson 40 1 2 2
Penalty Kill - 3 Players Forward
Forward Time % Phy DF OF
1 Zac Rinaldo 60 1 2 2
2 Spencer Machacek 40 1 2 2
Penalty Kill - 3 Players Defense
Defense Defense Time % Phy DF OF
1 Brett Lebda Luke Witkowski 60 1 2 2
2 Jake McCabe Nick Mattson 40 1 2 2
4 vs 4 Forward
Center Wing Time % Phy DF OF
1 Zac Rinaldo Spencer Machacek 60 1 2 2
2 Juraj Mikus Rhett Rakhshani 40 1 2 2
4 vs 4 Defense
Defense Defense Time % Phy DF OF
1 Brett Lebda Luke Witkowski 60 1 2 2
2 Jake McCabe Nick Mattson 40 1 2 2
Last Minutes Offensive
Center Left Wing Right Wing Defense Defense
Zac Rinaldo Carl Hagelin Spencer Machacek Brett Lebda Luke Witkowski
Last Minutes Defensive
Center Left Wing Right Wing Defense Defense
Zac Rinaldo Carl Hagelin Spencer Machacek Brett Lebda Luke Witkowski
Goaltenders
Starting : Martin Jones
Backup : Garret Sparks
Extra Forwards
Normal : Mikhail Grigorenko, Brody Sutter, Artur Gavrus - PP : Mikhail Grigorenko, Brody Sutter - PK : Artur Gavrus
Extra Defensemen
Normal : Nicholas Walters, Nick Mattson, Brett Lebda - PP : Nicholas Walters - PK : Nick Mattson, Brett Lebda
Penalty Shots
Zac Rinaldo, Spencer Machacek, Juraj Mikus, Rhett Rakhshani, Carl Hagelin
Scratches
Patrick Sieloff (Healthy), Mason Raymond (Healthy), Dalton Prout (Right Leg Injury), Calle Andersson (Healthy), Mike Smith (Healthy)
Harfangs
5 vs 5 Forward
Center Left Wing Right Wing Time % Phy DF OF
1 Cody Eakin Vojtech Polak Tomas Kubalik 40 1 2 2
2 Calle Jarnkrok Dustin Jeffrey Brandon Pirri 30 1 2 2
3 Boone Jenner Andreas Martinsen Michal Repik 20 1 2 2
4 Angelo Esposito Jujhar Khaira Joel Armia 10 1 2 2
5 vs 5 Defense
Defense Defense Time % Phy DF OF
1 Victor Bartley Brian Lashoff 40 1 2 2
2 Nathan Beaulieu Dylan Olsen 30 1 2 2
3 Nick Holden Mark Alt 20 1 2 2
4 Alex Plante Reid McNeill 10 1 2 2
PowerPlay Forward
Center Left Wing Right Wing Time % Phy DF OF
1 Cody Eakin Vojtech Polak Tomas Kubalik 60 1 2 2
2 Calle Jarnkrok Dustin Jeffrey Brandon Pirri 40 1 2 2
PowerPlay Defense
Defense Defense Time % Phy DF OF
1 Victor Bartley Brian Lashoff 60 1 2 2
2 Nathan Beaulieu Dylan Olsen 40 1 2 2
Penalty Kill 4 Players Forward
Center Wing Time % Phy DF OF
1 Cody Eakin Vojtech Polak 60 1 2 2
2 Tomas Kubalik Dustin Jeffrey 40 1 2 2
Penalty Kill 4 Players Defense
Defense Defense Time % Phy DF OF
1 Victor Bartley Brian Lashoff 60 1 2 2
2 Nathan Beaulieu Dylan Olsen 40 1 2 2
Penalty Kill - 3 Players Forward
Forward Time % Phy DF OF
1 Cody Eakin 60 1 2 2
2 Vojtech Polak 40 1 2 2
Penalty Kill - 3 Players Defense
Defense Defense Time % Phy DF OF
1 Victor Bartley Brian Lashoff 60 1 2 2
2 Nathan Beaulieu Dylan Olsen 40 1 2 2
4 vs 4 Forward
Center Wing Time % Phy DF OF
1 Cody Eakin Vojtech Polak 60 1 2 2
2 Tomas Kubalik Dustin Jeffrey 40 1 2 2
4 vs 4 Defense
Defense Defense Time % Phy DF OF
1 Victor Bartley Brian Lashoff 60 1 2 2
2 Nathan Beaulieu Dylan Olsen 40 1 2 2
Last Minutes Offensive
Center Left Wing Right Wing Defense Defense
Cody Eakin Vojtech Polak Tomas Kubalik Victor Bartley Brian Lashoff
Last Minutes Defensive
Center Left Wing Right Wing Defense Defense
Cody Eakin Vojtech Polak Tomas Kubalik Victor Bartley Brian Lashoff
Goaltenders
Starting : Anton Forsberg
Backup : Andrew Hammond
Extra Forwards
Normal : Sebastian Wannstrom, Brendan Leipsic, Cristoval Nieves - PP : Sebastian Wannstrom, Brendan Leipsic - PK : Cristoval Nieves
Extra Defensemen
Normal : Brenden Kichton, Jake Dotchin, Nick Holden - PP : Brenden Kichton - PK : Jake Dotchin, Nick Holden
Penalty Shots
Cody Eakin, Vojtech Polak, Tomas Kubalik, Dustin Jeffrey, Brandon Pirri
Scratches
Colton Sissons (Strained Left Elbow Injury), John Macfarland (Healthy), Dennis Everberg (Herniated Disc Injury), Jason Kasdorf (Healthy), Mark Visentin (Healthy)
Scott Wedgewood (Healthy)
% Time on Ice - Saguenéens
Lines # - Real PCT - Wanted PCT - Time Play
Normal Forward
1 - 32% - 40% - 14:14
2 - 29% - 30% - 13:11
3 - 30% - 20% - 13:32
4 - 9% - 10% - 4:14
Normal Defense
1 - 39% - 40% - 17:29
2 - 31% - 30% - 14:11
3 - 22% - 20% - 9:57
4 - 8% - 10% - 3:34
PP Forward
1 - 57% - 60% - 7:19
2 - 43% - 40% - 5:25
PP Defense
1 - 59% - 60% - 7:27
2 - 41% - 40% - 5:17
PK Forward
1 - 77% - 60% - 1:36
2 - 23% - 40% - 0:29
PK Defense
1 - 54% - 60% - 1:07
2 - 46% - 40% - 0:58
PK3 Forward
1 - 0% - 60%
2 - 0% - 40%
PK3 Defense
1 - 0% - 60%
2 - 0% - 40%
44 Forward
1 - 0% - 60%
2 - 0% - 40%
44 Defense
1 - 0% - 60%
2 - 0% - 40%
Last Minute Offensive - 0:00
Last Minute Defensive - 0:00
Total
Forward - 60:00
Defense - 60:00
|
% Time on Ice - Harfangs
Lines # - Real PCT - Wanted PCT - Time Play
Normal Forward
1 - 34% - 40% - 15:19
2 - 28% - 30% - 12:41
3 - 21% - 20% - 9:29
4 - 17% - 10% - 7:42
Normal Defense
1 - 40% - 40% - 18:16
2 - 27% - 30% - 12:11
3 - 18% - 20% - 8:05
4 - 15% - 10% - 6:39
PP Forward
1 - 59% - 60% - 1:14
2 - 41% - 40% - 0:51
PP Defense
1 - 55% - 60% - 1:09
2 - 45% - 40% - 0:56
PK Forward
1 - 72% - 60% - 9:13
2 - 28% - 40% - 3:31
PK Defense
1 - 55% - 60% - 7:00
2 - 45% - 40% - 5:44
PK3 Forward
1 - 0% - 60%
2 - 0% - 40%
PK3 Defense
1 - 0% - 60%
2 - 0% - 40%
44 Forward
1 - 0% - 60%
2 - 0% - 40%
44 Defense
1 - 0% - 60%
2 - 0% - 40%
Last Minute Offensive - 0:00
Last Minute Defensive - 0:00
Total
Forward - 60:00
Defense - 60:00
|
Play by Play
1st period
0:01 of 1st period - Spencer Machacek wins face-off versus Cody Eakin in neutral zone.
0:16 of 1st period - Slapshot by Carl Hagelin.
0:16 of 1st period - Stopped by Anton Forsberg with a rebound.
0:38 of 1st period - Snap shot by Calle Jarnkrok.
0:38 of 1st period - Shot Misses the Net.
1:33 of 1st period - Wrist shot by Zac Rinaldo.
1:33 of 1st period - Shot Misses the Net.
1:41 of 1st period - Wrist shot by Vojtech Polak.
1:41 of 1st period - Shot Misses the Net.
2:43 of 1st period - Rhett Rakhshani is hit by Boone Jenner and loses puck.
3:20 of 1st period - Snap shot by Brandon Pirri.
3:20 of 1st period - Shot Blocked by Luke Witkowski.
3:22 of 1st period - Wrist shot by Brandon Pirri.
3:22 of 1st period - Shot Misses the Net.
3:24 of 1st period - Slapshot by Dylan Olsen.
3:24 of 1st period - Stopped by Martin Jones with a rebound.
3:30 of 1st period - Zac Rinaldo is hit by Alex Plante and loses puck.
3:43 of 1st period - Alex Plante is hit by Nicholas Walters and loses puck.
3:52 of 1st period - Dylan Olsen is hit by Spencer Machacek.
5:32 of 1st period - Vojtech Polak is hit by Teemu Pulkkinen and loses puck.
6:08 of 1st period - Snap shot by Andreas Martinsen.
6:08 of 1st period - Shot Blocked by Brett Lebda.
6:10 of 1st period - Wrist shot by Michal Repik.
6:10 of 1st period - Stopped by Martin Jones with a rebound.
6:12 of 1st period - Wrist shot by Andreas Martinsen.
6:12 of 1st period - Shot Misses the Net.
6:14 of 1st period - Snap shot by Andreas Martinsen.
6:14 of 1st period - Deflect By Brett Lebda.
6:14 of 1st period - Shot Misses the Net.
6:14 of 1st period - Puck is out of play.
6:15 of 1st period - Boone Jenner wins face-off versus Brody Sutter in Saguenéens zone.
6:16 of 1st period - Slapshot by Andreas Martinsen.
6:16 of 1st period - Stopped by Martin Jones without a rebound.
6:17 of 1st period - Tanner Richard wins face-off versus Cody Eakin in Saguenéens zone.
6:28 of 1st period - Slapshot by Tanner Richard.
6:28 of 1st period - Shot Misses the Net.
6:49 of 1st period - Snap shot by Carl Hagelin.
6:49 of 1st period - Stopped by Anton Forsberg with a rebound.
6:51 of 1st period - Snap shot by Zac Rinaldo.
6:51 of 1st period - Shot Misses the Net.
6:53 of 1st period - Wrist shot by Spencer Machacek.
6:53 of 1st period - Stopped by Anton Forsberg without a rebound.
6:54 of 1st period - Juraj Mikus wins face-off versus Cody Eakin in Harfangs zone.
6:59 of 1st period - Wrist shot by Juraj Mikus.
6:59 of 1st period - Stopped by Anton Forsberg with a rebound.
7:09 of 1st period - Wrist shot by Juraj Mikus.
7:09 of 1st period - Stopped by Anton Forsberg without a rebound.
7:10 of 1st period - Carl Hagelin wins face-off versus Calle Jarnkrok in Harfangs zone.
7:19 of 1st period - Snap shot by Brandon Pirri.
7:19 of 1st period - Stopped by Martin Jones with a rebound.
7:21 of 1st period - Slapshot by Victor Bartley.
7:21 of 1st period - Stopped by Martin Jones with a rebound.
7:35 of 1st period - Brian Lashoff is hit by Rhett Rakhshani and loses puck.
7:56 of 1st period - Snap shot by Tomas Kubalik.
7:56 of 1st period - Shot Blocked by Nick Mattson.
7:58 of 1st period - Snap shot by Victor Bartley.
7:58 of 1st period - Deflect By Boone Jenner.
7:58 of 1st period - Shot Misses the Net.
7:58 of 1st period - Puck is out of play.
7:59 of 1st period - Tanner Richard wins face-off versus Boone Jenner in Saguenéens zone.
8:24 of 1st period - Wrist shot by Dustin Jeffrey.
8:24 of 1st period - Shot Misses the Net.
8:51 of 1st period - Snap shot by Tomas Kubalik.
8:51 of 1st period - Shot Misses the Net.
8:53 of 1st period - Snap shot by Tomas Kubalik.
8:53 of 1st period - Deflect By Juraj Mikus.
8:53 of 1st period - Stopped by Martin Jones without a rebound.
8:54 of 1st period - Henrik Samuelsson wins face-off versus Cody Eakin in Saguenéens zone.
9:21 of 1st period - Wrist shot by Craig Cunningham.
9:21 of 1st period - Stopped by Anton Forsberg without a rebound.
9:22 of 1st period - Zac Rinaldo wins face-off versus Calle Jarnkrok in Harfangs zone.
9:34 of 1st period - Minor Penalty to Brandon Pirri for Tripping.
9:35 of 1st period - Zac Rinaldo wins face-off versus Cody Eakin in Harfangs zone.
9:37 of 1st period - Snap shot by Zac Rinaldo.
9:37 of 1st period - Stopped by Anton Forsberg without a rebound.
9:38 of 1st period - Zac Rinaldo wins face-off versus Cody Eakin in Harfangs zone.
9:41 of 1st period - Backhand shot by Spencer Machacek.
9:41 of 1st period - Shot Misses the Net.
9:43 of 1st period - Slapshot by Brett Lebda.
9:43 of 1st period - Deflect By Carl Hagelin.
9:43 of 1st period - Stopped by Anton Forsberg with a rebound.
9:45 of 1st period - Slapshot by Brett Lebda.
9:45 of 1st period - Stopped by Anton Forsberg without a rebound.
9:46 of 1st period - Cody Eakin wins face-off versus Zac Rinaldo in Harfangs zone.
10:31 of 1st period - Snap shot by Tomas Kubalik.
10:31 of 1st period - Shot Blocked by Jake McCabe.
11:34 of 1st period - Penalty to Brandon Pirri is over, Brandon Pirri is back on ice.
11:43 of 1st period - Tomas Kubalik is hit by Nick Mattson and loses puck.
12:48 of 1st period - Brody Sutter is hit by Joel Armia.
13:19 of 1st period - Icing by Vojtech Polak.
13:20 of 1st period - Cody Eakin wins face-off versus Tanner Richard in Harfangs zone.
13:33 of 1st period - Slapshot by Michal Repik.
13:33 of 1st period - Shot Misses the Net.
13:35 of 1st period - Slapshot by Victor Bartley.
13:35 of 1st period - Stopped by Martin Jones with a rebound.
14:11 of 1st period - Carl Hagelin is hit by Cody Eakin and loses puck.
15:34 of 1st period - Snap shot by Angelo Esposito.
15:34 of 1st period - Stopped by Martin Jones with a rebound.
15:36 of 1st period - Snap shot by Nathan Beaulieu.
15:36 of 1st period - Deflect By Joel Armia.
15:36 of 1st period - Stopped by Martin Jones with a rebound.
15:38 of 1st period - Slapshot by Nathan Beaulieu.
15:38 of 1st period - Shot Blocked by Juraj Mikus.
16:27 of 1st period - Snap shot by Michal Repik.
16:27 of 1st period - Shot Misses the Net.
16:29 of 1st period - Snap shot by Andreas Martinsen.
16:29 of 1st period - Stopped by Martin Jones without a rebound.
16:30 of 1st period - Juraj Mikus wins face-off versus Boone Jenner in Saguenéens zone.
16:30 of 1st period - Juraj Mikus is hit by Boone Jenner.
16:48 of 1st period - Snap shot by Tomas Kubalik.
16:48 of 1st period - Stopped by Martin Jones without a rebound.
16:49 of 1st period - Cody Eakin wins face-off versus Zac Rinaldo in Saguenéens zone.
16:52 of 1st period - Wrist shot by Vojtech Polak.
16:52 of 1st period - Shot Misses the Net.
16:54 of 1st period - Snap shot by Tomas Kubalik.
16:54 of 1st period - Shot Blocked by Carl Hagelin.
17:22 of 1st period - Slapshot by Vojtech Polak.
17:22 of 1st period - Shot Misses the Net.
17:36 of 1st period - Snap shot by Vojtech Polak.
17:36 of 1st period - Stopped by Martin Jones without a rebound.
17:37 of 1st period - Tanner Richard wins face-off versus Calle Jarnkrok in Saguenéens zone.
18:02 of 1st period - Victor Bartley is hit by Zac Rinaldo and loses puck.
18:13 of 1st period - Snap shot by Zac Rinaldo.
18:13 of 1st period - Deflect By Brian Lashoff.
18:13 of 1st period - Shot Blocked by Victor Bartley.
18:13 of 1st period - Puck is out of play.
18:14 of 1st period - Brandon Pirri wins face-off versus Juraj Mikus in Harfangs zone.
18:14 of 1st period - Brandon Pirri is hit by Rhett Rakhshani.
18:19 of 1st period - Off-side.
18:20 of 1st period - Juraj Mikus wins face-off versus Calle Jarnkrok in neutral zone.
18:30 of 1st period - Icing by Nathan Beaulieu.
18:31 of 1st period - Calle Jarnkrok wins face-off versus Zac Rinaldo in Harfangs zone.
18:42 of 1st period - Slapshot by Brett Lebda.
18:42 of 1st period - Shot Blocked by Nathan Beaulieu.
18:44 of 1st period - Snap shot by Zac Rinaldo.
18:44 of 1st period - Shot Misses the Net.
18:46 of 1st period - Snap shot by Spencer Machacek.
18:46 of 1st period - Shot Misses the Net.
18:56 of 1st period - Snap shot by Vojtech Polak.
18:56 of 1st period - Shot Misses the Net.
18:58 of 1st period - Slapshot by Dylan Olsen.
18:58 of 1st period - Shot Misses the Net.
19:41 of 1st period - Wrist shot by Spencer Machacek.
19:41 of 1st period - Shot Misses the Net.
19:59 of 1st period - Wrist shot by Brandon Pirri.
19:59 of 1st period - Stopped by Martin Jones with a rebound.
Goals for this period are 0 for Saguenéens vs 0 for Harfangs.
Shots for this period are 9 for Saguenéens vs 13 for Harfangs.
2nd period
0:01 of 2nd period - Carl Hagelin wins face-off versus Cody Eakin in neutral zone.
0:14 of 2nd period - Wrist shot by Vojtech Polak.
0:14 of 2nd period - Goal by Vojtech Polak - Saguenéens : 0 - Harfangs : 1.
0:15 of 2nd period - Vojtech Polak wins face-off versus Zac Rinaldo in neutral zone.
0:24 of 2nd period - Slapshot by Victor Bartley.
0:24 of 2nd period - Shot Blocked by Zac Rinaldo.
0:26 of 2nd period - Snap shot by Cody Eakin.
0:26 of 2nd period - Shot Misses the Net.
0:28 of 2nd period - Wrist shot by Tomas Kubalik.
0:28 of 2nd period - Stopped by Martin Jones with a rebound.
0:30 of 2nd period - Backhand shot by Victor Bartley.
0:30 of 2nd period - Stopped by Martin Jones without a rebound.
0:31 of 2nd period - Dustin Jeffrey wins face-off versus Juraj Mikus in Saguenéens zone.
0:58 of 2nd period - Tomas Kubalik is hit by Brett Lebda and loses puck.
1:09 of 2nd period - Jerry D'Amigo is hit by Vojtech Polak and loses puck.
1:25 of 2nd period - Snap shot by Luke Witkowski.
1:25 of 2nd period - Shot Blocked by Victor Bartley.
1:33 of 2nd period - Brett Lebda is hit by Victor Bartley and loses puck.
1:46 of 2nd period - Wrist shot by Michal Repik.
1:46 of 2nd period - Goal by Michal Repik - Saguenéens : 0 - Harfangs : 2.
1:47 of 2nd period - Zac Rinaldo wins face-off versus Cody Eakin in neutral zone.
2:33 of 2nd period - Wrist shot by Spencer Machacek.
2:33 of 2nd period - Stopped by Anton Forsberg with a rebound.
3:01 of 2nd period - Slapshot by Carl Hagelin.
3:01 of 2nd period - Stopped by Anton Forsberg with a rebound.
3:41 of 2nd period - Minor Penalty to Dylan Olsen for Hooking.
3:42 of 2nd period - Cody Eakin wins face-off versus Zac Rinaldo in Harfangs zone.
5:41 of 2nd period - Penalty to Dylan Olsen is over, Dylan Olsen is back on ice.
6:30 of 2nd period - Minor Penalty to Mikhail Grigorenko for Goalie Interference.
6:31 of 2nd period - Cody Eakin wins face-off versus Zac Rinaldo in Saguenéens zone.
8:30 of 2nd period - Penalty to Mikhail Grigorenko is over, Mikhail Grigorenko is back on ice.
8:40 of 2nd period - Teemu Pulkkinen is hit by Andreas Martinsen and loses puck.
9:16 of 2nd period - Michal Repik is hit by Spencer Machacek and loses puck.
9:27 of 2nd period - Mark Alt is hit by Rhett Rakhshani and loses puck.
11:03 of 2nd period - Icing by Cody Eakin.
11:04 of 2nd period - Henrik Samuelsson wins face-off versus Boone Jenner in Harfangs zone.
11:05 of 2nd period - Wrist shot by Spencer Machacek.
11:05 of 2nd period - Deflect By Boone Jenner.
11:05 of 2nd period - Shot Misses the Net.
11:05 of 2nd period - Puck is out of play.
11:06 of 2nd period - Henrik Samuelsson wins face-off versus Boone Jenner in Harfangs zone.
11:17 of 2nd period - Wrist shot by Henrik Samuelsson.
11:17 of 2nd period - Stopped by Anton Forsberg with a rebound.
11:37 of 2nd period - Wrist shot by Tomas Kubalik.
11:37 of 2nd period - Shot Misses the Net.
11:45 of 2nd period - Minor Penalty to Cody Eakin for Slashing.
11:46 of 2nd period - Zac Rinaldo wins face-off versus Cristoval Nieves in Harfangs zone.
11:47 of 2nd period - Slapshot by Spencer Machacek.
11:47 of 2nd period - Shot Misses the Net.
11:49 of 2nd period - Snap shot by Luke Witkowski.
11:49 of 2nd period - Deflect By Zac Rinaldo.
11:49 of 2nd period - Stopped by Anton Forsberg with a rebound.
11:59 of 2nd period - Wrist shot by Spencer Machacek.
11:59 of 2nd period - Goal by Spencer Machacek - Saguenéens : 1 - Harfangs : 2.
12:00 of 2nd period - Zac Rinaldo wins face-off versus Cody Eakin in neutral zone.
12:13 of 2nd period - Wrist shot by Carl Hagelin.
12:13 of 2nd period - Shot Blocked by Victor Bartley.
12:15 of 2nd period - Minor Penalty to Victor Bartley for Hooking.
12:16 of 2nd period - Zac Rinaldo wins face-off versus Cody Eakin in Harfangs zone.
12:17 of 2nd period - Wrist shot by Carl Hagelin.
12:17 of 2nd period - Shot Misses the Net.
12:19 of 2nd period - Wrist shot by Zac Rinaldo.
12:19 of 2nd period - Stopped by Anton Forsberg with a rebound.
12:21 of 2nd period - Slapshot by Luke Witkowski.
12:21 of 2nd period - Stopped by Anton Forsberg without a rebound.
12:22 of 2nd period - Zac Rinaldo wins face-off versus Cody Eakin in Harfangs zone.
12:55 of 2nd period - Dustin Jeffrey is hit by Brett Lebda and loses puck.
14:15 of 2nd period - Penalty to Victor Bartley is over, Victor Bartley is back on ice.
14:24 of 2nd period - Victor Bartley is hit by Jerry D'Amigo and loses puck.
14:47 of 2nd period - Slapshot by Michal Repik.
14:47 of 2nd period - Shot Misses the Net.
14:49 of 2nd period - Slapshot by Andreas Martinsen.
14:49 of 2nd period - Stopped by Martin Jones with a rebound.
15:13 of 2nd period - Dustin Jeffrey is hit by Luke Witkowski and loses puck.
15:52 of 2nd period - Teemu Pulkkinen is hit by Angelo Esposito and loses puck.
16:07 of 2nd period - Tomas Kubalik is hit by Rhett Rakhshani and loses puck.
16:44 of 2nd period - Wrist shot by Brandon Pirri.
16:44 of 2nd period - Deflect By Teemu Pulkkinen.
16:44 of 2nd period - Stopped by Martin Jones with a rebound.
16:46 of 2nd period - Snap shot by Dustin Jeffrey.
16:46 of 2nd period - Shot Blocked by Jerry D'Amigo.
17:02 of 2nd period - Snap shot by Joel Armia.
17:02 of 2nd period - Shot Misses the Net.
17:04 of 2nd period - Slapshot by Nick Holden.
17:04 of 2nd period - Shot Blocked by Luke Witkowski.
17:06 of 2nd period - Snap shot by Jujhar Khaira.
17:06 of 2nd period - Stopped by Martin Jones with a rebound.
17:08 of 2nd period - Slapshot by Mark Alt.
17:08 of 2nd period - Stopped by Martin Jones with a rebound.
18:01 of 2nd period - Slapshot by Tomas Kubalik.
18:01 of 2nd period - Goal by Tomas Kubalik - Saguenéens : 1 - Harfangs : 3.
18:02 of 2nd period - Craig Cunningham wins face-off versus Cody Eakin in neutral zone.
18:05 of 2nd period - Brian Lashoff is hit by Rhett Rakhshani and loses puck.
18:15 of 2nd period - Off-side.
18:16 of 2nd period - Cody Eakin wins face-off versus Zac Rinaldo in neutral zone.
18:29 of 2nd period - Wrist shot by Carl Hagelin.
18:29 of 2nd period - Stopped by Anton Forsberg with a rebound.
18:43 of 2nd period - Icing by Dylan Olsen.
18:44 of 2nd period - Tanner Richard wins face-off versus Tomas Kubalik in Harfangs zone.
18:45 of 2nd period - Wrist shot by Teemu Pulkkinen.
18:45 of 2nd period - Shot Blocked by Brian Lashoff.
18:47 of 2nd period - Wrist shot by Jerry D'Amigo.
18:47 of 2nd period - Shot Blocked by Victor Bartley.
18:49 of 2nd period - Wrist shot by Teemu Pulkkinen.
18:49 of 2nd period - Shot Misses the Net.
18:51 of 2nd period - Slapshot by Luke Witkowski.
18:51 of 2nd period - Shot Misses the Net.
18:53 of 2nd period - Slapshot by Luke Witkowski.
18:53 of 2nd period - Stopped by Anton Forsberg with a rebound.
18:55 of 2nd period - Slapshot by Tanner Richard.
18:55 of 2nd period - Shot Misses the Net.
18:57 of 2nd period - Snap shot by Teemu Pulkkinen.
18:57 of 2nd period - Stopped by Anton Forsberg with a rebound.
18:59 of 2nd period - Snap shot by Teemu Pulkkinen.
18:59 of 2nd period - Shot Blocked by Tomas Kubalik.
19:11 of 2nd period - Wrist shot by Dustin Jeffrey.
19:11 of 2nd period - Stopped by Martin Jones with a rebound.
19:13 of 2nd period - Snap shot by Calle Jarnkrok.
19:13 of 2nd period - Stopped by Martin Jones without a rebound.
19:14 of 2nd period - Zac Rinaldo wins face-off versus Calle Jarnkrok in Saguenéens zone.
19:29 of 2nd period - Slapshot by Spencer Machacek.
19:29 of 2nd period - Stopped by Anton Forsberg with a rebound.
19:46 of 2nd period - Backhand shot by Michal Repik.
19:46 of 2nd period - Shot Misses the Net.
19:48 of 2nd period - Slapshot by Dylan Olsen.
19:48 of 2nd period - Shot Misses the Net.
19:50 of 2nd period - Snap shot by Nathan Beaulieu.
19:50 of 2nd period - Stopped by Martin Jones with a rebound.
Goals for this period are 1 for Saguenéens vs 3 for Harfangs.
Shots for this period are 11 for Saguenéens vs 12 for Harfangs.
3rd period
0:01 of 3rd period - Tomas Kubalik wins face-off versus Zac Rinaldo in neutral zone.
0:49 of 3rd period - Minor Penalty to Andreas Martinsen for Interference.
0:50 of 3rd period - Zac Rinaldo wins face-off versus Cody Eakin in Harfangs zone.
0:59 of 3rd period - Brett Lebda is hit by Nathan Beaulieu and loses puck.
1:16 of 3rd period - Cody Eakin is hit by Rhett Rakhshani and loses puck.
2:49 of 3rd period - Penalty to Andreas Martinsen is over, Andreas Martinsen is back on ice.
3:01 of 3rd period - Off-side.
3:02 of 3rd period - Dustin Jeffrey wins face-off versus Tanner Richard in neutral zone.
3:04 of 3rd period - Off-side.
3:05 of 3rd period - Calle Jarnkrok wins face-off versus Tanner Richard in neutral zone.
3:08 of 3rd period - Wrist shot by Brandon Pirri.
3:08 of 3rd period - Shot Blocked by Tanner Richard.
3:10 of 3rd period - Slapshot by Calle Jarnkrok.
3:10 of 3rd period - Stopped by Martin Jones with a rebound.
3:12 of 3rd period - Snap shot by Dylan Olsen.
3:12 of 3rd period - Shot Blocked by Brett Lebda.
3:14 of 3rd period - Slapshot by Dylan Olsen.
3:14 of 3rd period - Stopped by Martin Jones with a rebound.
3:16 of 3rd period - Snap shot by Calle Jarnkrok.
3:16 of 3rd period - Goal by Calle Jarnkrok - Saguenéens : 1 - Harfangs : 4.
3:17 of 3rd period - Zac Rinaldo wins face-off versus Cody Eakin in neutral zone.
3:20 of 3rd period - Tomas Kubalik is hit by Zac Rinaldo and loses puck.
3:43 of 3rd period - Victor Bartley is hit by Rhett Rakhshani and loses puck.
4:12 of 3rd period - Wrist shot by Tanner Richard.
4:12 of 3rd period - Shot Misses the Net.
4:14 of 3rd period - Wrist shot by Jerry D'Amigo.
4:14 of 3rd period - Stopped by Anton Forsberg with a rebound.
4:16 of 3rd period - Snap shot by Jerry D'Amigo.
4:16 of 3rd period - Shot Misses the Net.
4:47 of 3rd period - Cody Eakin is hit by Spencer Machacek and loses puck.
5:32 of 3rd period - Wrist shot by Michal Repik.
5:32 of 3rd period - Stopped by Martin Jones with a rebound.
7:42 of 3rd period - Teemu Pulkkinen is hit by Dylan Olsen.
8:35 of 3rd period - Icing by Dustin Jeffrey.
8:36 of 3rd period - Calle Jarnkrok wins face-off versus Zac Rinaldo in Harfangs zone.
8:41 of 3rd period - Wrist shot by Spencer Machacek.
8:41 of 3rd period - Shot Misses the Net.
8:43 of 3rd period - Slapshot by Luke Witkowski.
8:43 of 3rd period - Shot Blocked by Brandon Pirri.
8:45 of 3rd period - Wrist shot by Carl Hagelin.
8:45 of 3rd period - Deflect By Zac Rinaldo.
8:45 of 3rd period - Shot Misses the Net.
8:45 of 3rd period - Puck is out of play.
8:46 of 3rd period - Zac Rinaldo wins face-off versus Cody Eakin in Harfangs zone.
9:13 of 3rd period - Icing by Brandon Pirri.
9:14 of 3rd period - Calle Jarnkrok wins face-off versus Juraj Mikus in Harfangs zone.
9:14 of 3rd period - Calle Jarnkrok is hit by Rhett Rakhshani.
9:21 of 3rd period - Victor Bartley is hit by Luke Witkowski and loses puck.
9:38 of 3rd period - Brandon Pirri is hit by Rhett Rakhshani and loses puck.
9:43 of 3rd period - Slapshot by Juraj Mikus.
9:43 of 3rd period - Stopped by Anton Forsberg with a rebound.
9:49 of 3rd period - Wrist shot by Calle Jarnkrok.
9:49 of 3rd period - Goal by Calle Jarnkrok - Saguenéens : 1 - Harfangs : 5.
9:50 of 3rd period - Zac Rinaldo wins face-off versus Cody Eakin in neutral zone.
10:03 of 3rd period - Nathan Beaulieu beats up Carl Hagelin.
10:03 of 3rd period - Penalty to Nathan Beaulieu for Fighting.
10:03 of 3rd period - Penalty to Carl Hagelin for Fighting.
10:04 of 3rd period - Cody Eakin wins face-off versus Zac Rinaldo in Harfangs zone.
10:17 of 3rd period - Slapshot by Brian Lashoff.
10:17 of 3rd period - Shot Blocked by Spencer Machacek.
10:19 of 3rd period - Backhand shot by Brian Lashoff.
10:19 of 3rd period - Shot Blocked by Brett Lebda.
10:28 of 3rd period - Minor Penalty to Brian Lashoff for Holding.
10:29 of 3rd period - Cody Eakin wins face-off versus Zac Rinaldo in Harfangs zone.
11:01 of 3rd period - Dustin Jeffrey is hit by Juraj Mikus and loses puck.
11:18 of 3rd period - Nick Holden is hit by Mikhail Grigorenko and loses puck.
12:28 of 3rd period - Penalty to Brian Lashoff is over, Brian Lashoff is back on ice.
12:46 of 3rd period - Slapshot by Jujhar Khaira.
12:46 of 3rd period - Shot Misses the Net.
12:53 of 3rd period - Minor Penalty to Joel Armia for Roughing.
12:54 of 3rd period - Juraj Mikus wins face-off versus Cody Eakin in Harfangs zone.
12:55 of 3rd period - Wrist shot by Rhett Rakhshani.
12:55 of 3rd period - Stopped by Anton Forsberg with a rebound.
13:05 of 3rd period - Nick Mattson is hit by Vojtech Polak.
13:24 of 3rd period - Dustin Jeffrey is hit by Brett Lebda and loses puck.
13:45 of 3rd period - Cody Eakin is hit by Juraj Mikus and loses puck.
14:10 of 3rd period - Brody Sutter is hit by Dustin Jeffrey and loses puck.
14:51 of 3rd period - Brett Lebda is hit by Cristoval Nieves and loses puck.
14:53 of 3rd period - Penalty to Joel Armia is over, Joel Armia is back on ice.
15:10 of 3rd period - Snap shot by Andreas Martinsen.
15:10 of 3rd period - Stopped by Martin Jones without a rebound.
15:11 of 3rd period - Calle Jarnkrok wins face-off versus Tanner Richard in Saguenéens zone.
15:12 of 3rd period - Snap shot by Dustin Jeffrey.
15:12 of 3rd period - Stopped by Martin Jones with a rebound.
15:22 of 3rd period - Calle Jarnkrok is hit by Jerry D'Amigo and loses puck.
15:29 of 3rd period - Minor Penalty to Brandon Pirri for Interference.
15:30 of 3rd period - Cody Eakin wins face-off versus Zac Rinaldo in Harfangs zone.
15:43 of 3rd period - Wrist shot by Carl Hagelin.
15:43 of 3rd period - Goal by Carl Hagelin - Saguenéens : 2 - Harfangs : 5.
15:44 of 3rd period - Cody Eakin wins face-off versus Zac Rinaldo in neutral zone.
15:57 of 3rd period - Vojtech Polak is hit by Carl Hagelin.
16:05 of 3rd period - Minor Penalty to Spencer Machacek for Interference.
16:06 of 3rd period - Cody Eakin wins face-off versus Zac Rinaldo in Saguenéens zone.
16:07 of 3rd period - Snap shot by Vojtech Polak.
16:07 of 3rd period - Stopped by Martin Jones with a rebound.
16:09 of 3rd period - Snap shot by Vojtech Polak.
16:09 of 3rd period - Shot Misses the Net.
16:11 of 3rd period - Snap shot by Vojtech Polak.
16:11 of 3rd period - Goal by Vojtech Polak - Saguenéens : 2 - Harfangs : 6.
16:12 of 3rd period - Cody Eakin wins face-off versus Zac Rinaldo in neutral zone.
16:21 of 3rd period - Snap shot by Vojtech Polak.
16:21 of 3rd period - Stopped by Martin Jones without a rebound.
16:22 of 3rd period - Zac Rinaldo wins face-off versus Cody Eakin in Saguenéens zone.
16:47 of 3rd period - Snap shot by Tomas Kubalik.
16:47 of 3rd period - Shot Misses the Net.
16:49 of 3rd period - Slapshot by Dylan Olsen.
16:49 of 3rd period - Stopped by Martin Jones with a rebound.
16:51 of 3rd period - Wrist shot by Cody Eakin.
16:51 of 3rd period - Shot Blocked by Luke Witkowski.
16:53 of 3rd period - Snap shot by Tomas Kubalik.
16:53 of 3rd period - Stopped by Martin Jones with a rebound.
16:57 of 3rd period - Wrist shot by Cody Eakin.
16:57 of 3rd period - Stopped by Martin Jones without a rebound.
16:58 of 3rd period - Calle Jarnkrok wins face-off versus Juraj Mikus in Saguenéens zone.
17:23 of 3rd period - Teemu Pulkkinen is hit by Andreas Martinsen.
18:07 of 3rd period - Snap shot by Tomas Kubalik.
18:07 of 3rd period - Shot Misses the Net.
18:25 of 3rd period - Wrist shot by Teemu Pulkkinen.
18:25 of 3rd period - Stopped by Anton Forsberg with a rebound.
18:35 of 3rd period - Nick Mattson is hit by Reid McNeill and loses puck.
19:14 of 3rd period - Rhett Rakhshani is hit by Boone Jenner and loses puck.
19:37 of 3rd period - Minor Penalty to Joel Armia for Slashing.
19:38 of 3rd period - Cody Eakin wins face-off versus Juraj Mikus in Harfangs zone.
Goals for this period are 1 for Saguenéens vs 3 for Harfangs.
Shots for this period are 5 for Saguenéens vs 13 for Harfangs.
Back to the Top